 Dungeon Crawl Stone Soup version 0.29.0-4-gdea44cf6ec (webtiles) character file.

Game seed: 10343531599466898590

607 qw the Cleaver (level 7, -2/40 HPs)
             Began as a Tengu Warper on Aug 28, 2022.
             Slain by a gnoll
             ... wielding a +0 spear
              (5 damage)
             ... on level 4 of the Dungeon.
             The game lasted 00:00:17 (3414 turns).

qw the Cleaver (Tengu Warper)                       Turns: 3414, Time: 00:00:18

Health: -2/40      AC:  5    Str: 14    XL:     7   Next: 43%
Magic:  11/11      EV: 13    Int: 13    God:
Gold:   184        SH:  0    Dex: 13    Spells: 10/10 levels left

rFire   . . .      SeeInvis .   b - +1 broad axe (elec)
rCold   . . .      Faith    .   (no shield)
rNeg    . . .      Spirit   .   g - +0 ring mail
rPois   .          Reflect  .   (helmet restricted)
rElec   .          Harm     .   (no cloak)
rCorr   .          Rampage  .   (no gloves)
Will    .....                   (boots unavailable)
Stlth   +.........              (no amulet)
HPRegen 0.13/turn               (no ring)
MPRegen 0.12/turn               (no ring)

@: about to teleport, flying quickly and evasively, quick
A: beak, talons 3, nimble flight
a: no special abilities


You were on level 4 of the Dungeon.
You visited 1 branch of the dungeon, and saw 4 of its levels.

You collected 184 gold pieces.


Innate Abilities, Weirdness & Mutations

You have a beak for a mouth.
You have claws for feet.
Your magical nature lets you fly swiftly and evasively.


   Skills:
 + Level 2.0 Fighting
 - Level 8.8 Axes
 - Level 1.0 Throwing
 - Level 1.1 Armour
 - Level 2.1 Dodging
 - Level 2.0 Spellcasting
 - Level 2.4 Translocations


You had 10 spell levels left.
You didn't know any spells.
Your spell library contained the following spells:

 Spells                   Type           Power      Damage    Failure   Level
 Blink                    Tloc           14%        N/A       30%         2
 Gell's Gravitas          Tloc           7%         N/A       52%         3
 Lesser Beckoning         Tloc           7%         N/A       52%         3
 Teleport Other           Tloc           7%         N/A       52%         3
 Manifold Assault         Tloc           7%         N/A       99%         5

Inventory:

Hand Weapons
 b - a +1 broad axe of electrocution (weapon)
 f - a +0 mace
Armour
 g - a +0 ring mail (worn)
Scrolls
 h - a scroll of identify
Potions
 d - a potion of attraction {unknown}
 e - a potion of haste
 j - a potion of degeneration {unknown}

Dungeon Overview and Level Annotations

Branches:
Dungeon (4/15)
 Temple: D:4-7

Altars:
Cheibriados
Fedhas
Xom
The Shining One


Message History

You completely miss Pikel. Your kick misses Pikel.
Pikel is lightly wounded.
Pikel barely misses you. x2
You hit Pikel but do no damage. You claw Pikel!
Pikel is moderately wounded.
Pikel hits you but does no damage.
Pikel hits you with a +0 whip of freezing.
Pikel freezes you.
3407 ||| READING 2 scrolls of teleportation.
As you read the scroll of teleportation, it crumbles to dust.
You feel strangely unstable. Pikel barely misses you. Pikel misses you.
You slash Pikel! You claw Pikel, but do no damage.
Pikel is severely wounded.
Pikel hits you with a +0 whip of freezing.
Pikel freezes you. Pikel closely misses you.
You hit Pikel.
Pikel is severely wounded.
Pikel barely misses you.
You slash Pikel!
You kill Pikel!
With Pikel's spell broken, his former minions thank you for their freedom.
The lemure departs this earthly plane. x2
Your Axes skill gained 2 levels and is now at level 8!
You have reached level 6!
You have reached level 7!
You start resting.
Your surroundings suddenly seem different.
A gnoll comes into view. It is wielding a +0 spear.
Found a stone staircase leading up.
The gnoll shouts!
A phantom comes into view.
The gnoll moves out of view.
Enter note:
3412 ||| FLEEEEING.
3413 ||| READING scroll of teleportation.
As you read the scroll of teleportation, it crumbles to dust.
You feel strangely unstable. The gnoll misses you.
The gnoll hits you with a +0 spear.
You die...

.... ... ... .
## .. #.#.. .# #
###
##...###.#W#...
#..........'...+
.......W##.#...#
.......@..<'...'
......g#####...#
....... +
....... .......
....... #######


You could see a phantom and a gnoll.

Vanquished Creatures
  Pikel (D:4)
  A black bear (D:4)
  3 adders
  A worm (D:3)
  A dart slug (D:2)
  4 ball pythons
  16 bats
  7 endoplasms
  A giant cockroach (D:1)
  7 hobgoblins
  6 jackals
  2 quokkas
  2 frilled lizards
  6 kobolds
  7 rats
65 creatures vanquished.

Vanquished Creatures (others)
  A plant (D:4)
1 creature vanquished.

Grand Total: 66 creatures vanquished

Notes
Turn   | Place    | Note
-------+----------+-------------------------------------------
     0 | D:1      | qw the Tengu Warper began the quest for the Orb.
     0 | D:1      | Reached XP level 1. HP: 12/12 MP: 4/4
     0 | D:1      | 0 ||| qw: Version: 0.1-a-89-g26bdef1
     0 | D:1      | 0 ||| qw: Game counter: 3132
     0 | D:1      | 0 ||| qw: Always use a shield: true
     0 | D:1      | 0 ||| qw: God list: Okawaru
     0 | D:1      | 0 ||| qw: Allow faded altars: false
     0 | D:1      | 0 ||| qw: Do Orc after D:15 true
     0 | D:1      | 0 ||| qw: Do second Lair branch before Depths: true
     0 | D:1      | 0 ||| qw: Lair rune preference: random
     0 | D:1      | 0 ||| qw: Plans: Normal
     0 | D:1      | 0 ||| PLANNING D:1-11
   132 | D:1      | 132 ||| Stepping ~*~*~tactically~*~*~ (stealth).
   133 | D:1      | 133 ||| Stepping ~*~*~tactically~*~*~ (stealth).
   144 | D:1      | Reached skill level 3 in Axes
   144 | D:1      | Reached XP level 2. HP: 11/17 MP: 6/6
   857 | D:1      | Reached XP level 3. HP: 21/21 MP: 7/7
  1121 | D:1      | Reached skill level 4 in Axes
  1322 | D:1      | 1322 ||| UPGRADING to +0 ring mail.
  1332 | D:1      | 1332 ||| DROPPING +0 leather armour.
  1333 | D:1      | 1333 ||| READING 2 scrolls labelled GERUAZ PIAZEEJ.
  1337 | D:1      | 1337 ||| READING 3 scrolls labelled MINEVVYBOA.
  1338 | D:1      | 1338 ||| READING scroll labelled COOTONOATO.
  1339 | D:1      | 1339 ||| READING 2 scrolls of identify.
  1339 | D:1      | 1339 ||| IDENTIFYING fizzy red potion
  1340 | D:1      | 1340 ||| DROPPING scroll of blinking.
  1341 | D:1      | 1341 ||| DROPPING potion of lignification.
  1702 | D:2      | 1702 ||| Stepping ~*~*~tactically~*~*~ (stealth).
  1723 | D:2      | 1723 ||| Stepping ~*~*~tactically~*~*~ (stealth).
  1755 | D:2      | Found a faded altar of an unknown god.
  1834 | D:2      | Found a shimmering altar of Xom.
  1936 | D:2      | 1936 ||| Stepping ~*~*~tactically~*~*~ (hiding).
  1937 | D:2      | 1937 ||| Stepping ~*~*~tactically~*~*~ (hiding).
  1939 | D:2      | 1939 ||| Stepping ~*~*~tactically~*~*~ (hiding).
  1946 | D:2      | Reached XP level 4. HP: 21/26 MP: 8/8
  2216 | D:2      | 2216 ||| Stepping ~*~*~tactically~*~*~ (stealth).
  2220 | D:2      | 2220 ||| Stepping ~*~*~tactically~*~*~ (stealth).
  2226 | D:2      | 2226 ||| Stepping ~*~*~tactically~*~*~ (stealth).
  2229 | D:2      | 2229 ||| Stepping ~*~*~tactically~*~*~ (stealth).
  2230 | D:2      | 2230 ||| Stepping ~*~*~tactically~*~*~ (stealth).
  2231 | D:2      | 2231 ||| Stepping ~*~*~tactically~*~*~ (stealth).
  2301 | D:2      | 2301 ||| Stepping ~*~*~tactically~*~*~ (stealth).
  2373 | D:2      | 2373 ||| Stepping ~*~*~tactically~*~*~ (stealth).
  2512 | D:2      | 2512 ||| READING scroll labelled TOUHONU MOCWE.
  2513 | D:2      | 2513 ||| READING scroll labelled UREGHOI TUTSI.
  2535 | D:3      | Found a snail-covered altar of Cheibriados.
  2535 | D:3      | Found a blossoming altar of Fedhas.
  2535 | D:3      | Found a glowing golden altar of the Shining One.
  2546 | D:3      | 2546 ||| STAIRDANCE
  2637 | D:3      | Reached skill level 5 in Axes
  3247 | D:3      | 3247 ||| READING scroll labelled DOTOVUIPHO.
  3248 | D:3      | 3248 ||| READING scroll labelled CAIG XITOLI.
  3248 | D:3      | Identified a scroll of acquirement
  3248 | D:3      | 3248 ||| ACQUIRING +1 broad axe of electrocution
  3248 | D:3      | Acquired a +1 broad axe of electrocution
  3250 | D:3      | 3250 ||| SWAPPING to +1 broad axe of electrocution.
  3251 | D:3      | 3251 ||| DROPPING +0 hand axe.
  3270 | D:4      | 3270 ||| PLANNING OSSUARY
  3276 | D:4      | Noticed a black bear
  3280 | D:4      | Killed a black bear
  3281 | D:4      | Reached skill level 6 in Axes
  3281 | D:4      | Gained mutation: Your magical nature lets you fly swiftly
                  | and evasively. [Tengu growth]
  3281 | D:4      | Reached XP level 5. HP: 21/30 MP: 9/9
  3390 | D:4      | Noticed a lemure
  3390 | D:4      | Noticed a lemure
  3392 | D:4      | Noticed a lemure
  3393 | D:4      | Noticed Pikel
  3398 | D:4      | Noticed a lemure
  3406 | D:4      | HP: 7/30 [Pikel/+0 whip of freezing (1)]
  3407 | D:4      | 3407 ||| READING 2 scrolls of teleportation.
  3408 | D:4      | HP: 3/30 [Pikel/+0 whip of freezing (4)]
  3408 | D:4      | HP: 1/30 [Pikel/+0 whip of freezing (2)]
  3410 | D:4      | Killed Pikel
  3411 | D:4      | Reached skill level 8 in Axes
  3411 | D:4      | Reached XP level 6. HP: 2/35 MP: 10/10
  3411 | D:4      | Reached XP level 7. HP: 2/40 MP: 11/11
  3412 | D:4      | 3412 ||| FLEEEEING.
  3413 | D:4      | 3413 ||| READING scroll of teleportation.
  3414 | D:4      | Slain by a gnoll

Levels and vault maps discovered:
D:1:      dpeg_arrival_three_smaller_balls, layout_basic
D:2:      layout_loops_ring, basic_altar, hellmonk_ecumenical_altar_dog_temple
D:3:      layout_loops_ring, chequers_temple_overflow_statue_of_worship
D:4:      kennysheep_kobold_camp, layout_basic,
          gammafunk_temple_overflow_statue, nicolae_ossuary_entry_giza,
          item_on_display_a, uniq_pikel

Skill      XL: |  1  2  3  4  5 |
---------------+----------------+-----
Axes           | 3 4 6 8 |  8.8
Fighting       | |  2.0
Throwing       | |  1.0
Armour         | |  1.1
Dodging        | |  2.1
Spellcasting   | |  2.0
Translocations | |  2.4

Action                   |  1- 3 |  4- 6 |  7- 9 || total
-------------------------+-------+-------+-------++-------
Melee: Hand axe          |    87 |    57 |       ||   144
       Peck              |    12 |    10 |       ||    22
       Kick              |    24 |    19 |       ||    43
       Punch             |     1 |     1 |       ||     2
       Broad axe         |       |    17 |       ||    17
Throw: Boomerang         |     7 |       |       ||     7
  Use: Scroll            |     4 |     5 |     1 ||    10
Armor: Leather armour    |    19 |       |       ||    19
       Ring mail         |     8 |    10 |       ||    18
Dodge: Dodged            |    35 |    47 |     1 ||    83

Table legend:
 A = Non-vault XP
 B = Vault XP
 C = Vault XP percentage of total XP
 D = Non-vault monster count
 E = Vault monster count
 F = Vault count percentage of total count
                 A         B        C        D         E       F
            +---------+---------+-------+---------+---------+-------
      Total |     267 |     601 |  69.2 |      60 |       5 |   7.7
            +---------+---------+-------+---------+---------+-------
        D:1 |      50 |       0 |   0.0 |      32 |       0 |   0.0
        D:2 |      43 |       8 |  15.7 |      18 |       4 |  18.2
        D:3 |      41 |       0 |   0.0 |       9 |       0 |   0.0
        D:4 |     133 |     593 |  81.7 |       1 |       1 |  50.0
            +---------+---------+-------+---------+---------+-------
